cohdb
Replays
Latest Replays
All Replays
Popular Replays
Top Player Replays
Match Explorer
How It Works
Community
CoH3 Stats
Reddit
Sign in to upload your games and track your stats! →
Sign in with Steam
Match 41440666
Unlisted
Match 41440666
Overview
Messages
Build Orders
End
Construct Barracks
Selects Advanced Infantry Battlegroup
Riflemen Squad
Riflemen Squad
Riflemen Squad
Selects Convert to Ranger Squad
Infantry Support Center
Convert to Ranger Squad
Construct Weapon Support Center
M1919 Machine Gun Team
Selects Frontline Medical Station
Bazooka Squad
Selects Infantry Assault
Infantry Assault
Construct Tank Depot
Epouvente
BIOHAZARD
0
0
Comments
sign in to comment!
No comments posted yet!